 Dungeon Crawl Stone Soup version 0.22.1-1-ga44c0e5 (webtiles) character file.

3749 Folque the Geomancer (level 9, 0/74 HPs)
             Began as a Green Draconian Earth Elementalist on Nov 1, 2018.
             Was an Elder of Sif Muna.
             Slain by a large slime creature (15 damage)
             ... on level 8 of the Dungeon.
             The game lasted 00:33:02 (8414 turns).

Folque the Geomancer (DrEE)                         Turns: 8414, Time: 00:33:04

Health: 0/74       AC:  7    Str: 12    XL:     9   Next: 93%
Magic:  18/18      EV: 12    Int: 18    God:    Sif Muna [****..]
Gold:   550        SH:  0    Dex: 11    Spells: 5/20 levels left

rFire    . . .     SeeInvis .   a - +0 mace
rCold    . . .     Gourm    .   (no shield)
rNeg     . . .     Faith    +   (armour unavailable)
rPois    +         Spirit   .   (helmet restricted)
rElec    .         Reflect  .   (no cloak)
rCorr    .         Harm     .   (no gloves)
MR       .....                  (no boots)
Stlth    ++........             n - amulet of faith
HPRegen  0.22/turn              (no ring)
MPRegen  0.16/turn              (no ring)

@: divine energy
A: breathe noxious fumes, unfitting armour, poison resistance, cold-blooded, AC
+7
a: Breathe Noxious Fumes, Stop Divine Energy, Channel Magic, Forget Spell,
Renounce Religion


You were on level 8 of the Dungeon.
You worshipped Sif Muna.
Sif Muna was greatly pleased with you.
You were hungry.

You visited 2 branches of the dungeon, and saw 9 of its levels.

You collected 550 gold pieces.

Inventory:

Hand Weapons
 a - a +0 mace (weapon)
Missiles
 b - 140 stones (quivered)
 z - 5 exploding tomahawks
Jewellery
 j - an uncursed ring of magical power {unknown}
 n - an amulet of faith (around neck)
 u - an uncursed ring of ice {unknown}
 v - a cursed ring of attention
 D - a +1 ring of evasion {unknown}
Wands
 o - a wand of polymorph (14)
 q - a wand of acid (7)
Scrolls
 e - a scroll of noise
 f - 6 scrolls of remove curse
 g - 5 scrolls of enchant weapon {unknown}
 i - a scroll of fear {unknown}
 k - 5 scrolls of teleportation
 l - a scroll of fog {unknown}
 m - a scroll of random uselessness {unknown}
 t - a scroll of magic mapping {unknown}
 w - 3 scrolls of blinking {unknown}
 x - 2 scrolls of enchant armour {unknown}
 y - 4 scrolls of identify
Potions
 d - 2 potions of curing
 h - a potion of resistance {unknown}
 p - 2 potions of agility {unknown}
 r - a potion of brilliance {unknown}
 s - 3 potions of mutation {unknown}
 A - 2 potions of flight {unknown}
 B - a potion of degeneration {unknown}
 C - a potion of invisibility {unknown}
Comestibles
 c - 16 rations


   Skills:
 - Level 5.0 Fighting
 - Level 2.0 Dodging
 - Level 1.7 Stealth
 * Level 6.1 Spellcasting
 - Level 5.0 Conjurations
 - Level 3.0 Transmutations
 + Level 9.4 Earth Magic
 - Level 5.3 Invocations


You had 5 spell levels left.
You knew the following spells:

 Your Spells              Type           Power        Failure   Level  Hunger
a - Sandblast             Erth           #####.       1%          1    None
b - Passwall              Tmut/Erth      ####....     1%          2    None
c - Stone Arrow           Conj/Erth      ####..       1%          3    ##.....
d - Lee's Rapid Deconstr  Erth           #####.....   7%          5    #####..
e - Petrify               Tmut/Erth      ####....     9%          4    ####...

Your spell library contained the following spells:

 Spells                   Type           Power        Failure   Level  Hunger
 Summon Small Mammal      Summ           #...         12%         1    None
 Call Imp                 Summ           #.......     19%         2    None
 Call Canine Familiar     Summ           #.......     34%         3    ##.....
 Summon Guardian Golem    Hex/Summ       #.......     34%         3    ##.....
 Summon Ice Beast         Ice/Summ       #.......     75%         4    ####...
 Summon Lightning Spire   Summ/Air       #.......     75%         4    ####...


Dungeon Overview and Level Annotations

Branches:
Dungeon (8/15)             Temple (1/1) D:4
   Lair: D:8-11

Altars:
Ashenzari
Cheibriados
Dithmenos
Elyvilon
Fedhas
Gozag
Hepliaklqana
Kikubaaqudgha
Makhleb
Okawaru
Qazlal
Ru
Sif Muna
Trog
Uskayaw
Wu Jian
Xom
Zin
The Shining One


Innate Abilities, Weirdness & Mutations

You can breathe blasts of noxious fumes.
Your lurid green scales are hard. (AC +7)
You cannot fit into any form of body armour.
Your system is resistant to poisons. (rPois)
You are cold-blooded and may be slowed by cold attacks.


Message History

Aiming: Petrify (safe; 9% risk of failure)
Press: ? - help, Shift-Dir - straight line, f - large slime creature
Aim: a large slime creature (heavily wounded, chance to defeat MR: 38%)
Okay, then.
Casting: Petrify (safe; 9% risk of failure)
Confirm with . or Enter, or press ? or * to list all spells.
Aiming: Stone Arrow (safe; 1% risk of failure)
Press: ? - help, Shift-Dir - straight line, f - large slime creature
Aim: a large slime creature (heavily wounded)
The stone arrow hits the large slime creature.
The large slime creature is severely wounded.
The large slime creature hits you!
* * * LOW HITPOINT WARNING * * *
Casting: Stone Arrow (safe; 1% risk of failure)
Confirm with . or Enter, or press ? or * to list all spells.
Aiming: Passwall (safe; 1% risk of failure)
Press: ? - help, Dir - move target cursor, p - large slime creature A rock wall.
You feel less invigorated. The large slime creature hits you!
You die...

..###..###### ###### ##.
...##.########## #.รท.... #..
......###......##....... #.#
.#..#.##.......#.# #### #.#
###.#.'........#)# #..###.#
.##...'........#.# ##..<..#
....>.'......#'#.# ####.##
#.....##.....#.#J# #.)##
#....####....#.#@# ##)... #....#
#######.## ###..### #....#
######## #...#### #....##
#...#### ########.))....
#.....####.###..###........##)...
.............................)...
######.....###.#####..........<..
##.##.##.....................
#......).#######.............


You could see a large slime creature.

Vanquished Creatures
  Sigmund (D:2)
  A spriggan (D:8)
  A water moccasin (D:8)
  3 black bears
  3 ice beasts
  A phantom (D:6)
  2 sky beasts (D:7)
  An orc warrior (D:8)
  3 ogres
  A centaur (D:7)
  2 big kobolds (D:8)
  3 bullfrogs (D:6)
  A wyvern skeleton (D:6)
  A scorpion (D:5)
  6 killer bees (D:8)
  4 howler monkeys
  2 crimson imps
  3 orc priests
  2 bullfrog skeletons
  5 hounds
  7 jellies
  4 orc wizards
  A centaur skeleton (D:8)
  Jessica (D:2)
  4 iguanas
  3 worker ants
  A hound zombie (D:6)
  A worker ant zombie (D:8)
  4 gnolls (D:4)
  10 adders
  A shadow imp (D:8)
  3 oozes (D:8)
  2 adder skeletons (D:6)
  2 worms (D:3)
  2 dart slugs (D:1)
  2 leopard geckos (D:3)
  18 orcs
  6 bats
  3 giant cockroaches
  8 goblins
  10 hobgoblins
  11 jackals
  14 kobolds
  3 quokkas
  2 ball pythons
  2 frilled lizards
  A giant cockroach zombie (D:5)
  2 jackal zombies (D:7)
  6 rats
180 creatures vanquished.

Vanquished Creatures (others)
  8 fungi (D:8)
  6 toadstools (D:8)
14 creatures vanquished.

Grand Total: 194 creatures vanquished

Notes
Turn   | Place    | Note
-------+----------+-------------------------------------------
     0 | D:1      | Folque the Draconian Earth Elementalist began the quest for
                  | the Orb.
     0 | D:1      | Reached XP level 1. HP: 14/14 MP: 3/3
   405 | D:1      | Reached XP level 2. HP: 17/20 MP: 5/5
   953 | D:1      | Learned a level 2 spell: Passwall
  1264 | D:2      | Noticed Jessica
  1268 | D:2      | Killed Jessica
  1268 | D:2      | Reached skill level 4 in Earth Magic
  1268 | D:2      | Reached XP level 3. HP: 26/26 MP: 3/6
  1273 | D:2      | Learned a level 3 spell: Stone Arrow
  1312 | D:2      | Noticed Sigmund
  1487 | D:2      | Killed Sigmund
  1487 | D:2      | Reached XP level 4. HP: 33/33 MP: 0/10
  1487 | D:2      | Reached XP level 5. HP: 38/38 MP: 0/11
  1494 | D:2      | Learned a level 5 spell: Lee's Rapid Deconstruction
  2412 | D:3      | Reached XP level 6. HP: 35/45 MP: 12/12
  2452 | D:3      | Found a glowing silver altar of Zin.
  3266 | D:4      | Found a staircase to the Ecumenical Temple.
  3272 | Temple   | Entered the Ecumenical Temple
  3282 | Temple   | Became a worshipper of Sif Muna the Loreminder
  3450 | D:4      | Reached skill level 5 in Spellcasting
  4162 | D:5      | Entered Level 5 of the Dungeon
  4286 | D:5      | Reached skill level 5 in Earth Magic
  4286 | D:5      | Your scales start taking on a lurid green colour.
  4286 | D:5      | Reached XP level 7. HP: 35/50 MP: 8/15
  4286 | D:5      | Gained mutation: Your system is resistant to poisons.
                  | (rPois) [Green Draconian growth]
  4343 | D:5      | Found a stormy altar of Qazlal.
  4366 | D:5      | Reached skill level 1 in Fighting
  4488 | D:5      | Reached * piety under Sif Muna
  4499 | D:5      | Reached skill level 6 in Earth Magic
  4778 | D:5      | Reached XP level 8. HP: 39/62 MP: 2/16
  5189 | D:5      | Found a hazy altar of Hepliaklqana.
  5394 | D:6      | Reached skill level 7 in Earth Magic
  5577 | D:6      | Reached ** piety under Sif Muna
  5788 | D:6      | Found a snail-covered altar of Cheibriados.
  5857 | D:6      | Found an opulent altar of Gozag.
  6081 | D:6      | Learned a level 4 spell: Petrify
  6140 | D:7      | Reached skill level 8 in Earth Magic
  6261 | D:6      | Reached skill level 5 in Conjurations
  6261 | D:6      | Reached XP level 9. HP: 61/72 MP: 0/17
  6457 | D:7      | Reached skill level 1 in Invocations
  6543 | D:7      | Reached *** piety under Sif Muna
  6543 | D:7      | Reached skill level 5 in Fighting
  7626 | D:8      | Reached skill level 9 in Earth Magic
  7868 | D:8      | Reached skill level 5 in Invocations
  8126 | D:8      | Found a shadowy altar of Dithmenos.
  8131 | D:8      | Reached **** piety under Sif Muna
  8414 | D:8      | Slain by a large slime creature

Skill      XL: |  1  2  3  4  5  6  7  8  9 |
---------------+----------------------------+-----
Earth Magic    | 4 5 6 8 9 |  9.4
Spellcasting   | 4 5 6 |  6.1
Conjurations   | 2 3 5 |  5.0
Dodging        | 2 |  2.0
Fighting       | 2 4 5 |  5.0
Invocations    | 5 |  5.3
Transmutations | 3 |  3.0
Stealth        | |  1.7

Action                   |  1- 3 |  4- 6 |  7- 9 || total
-------------------------+-------+-------+-------++-------
Melee: Mace              |    77 |   149 |   185 ||   411
       Tailslap          |     2 |    15 |    19 ||    36
 Cast: Sandblast         |     6 |    21 |    58 ||    85
       Stone Arrow       |     3 |    10 |    46 ||    59
       Lee's Rapid Decon |       |     1 |    35 ||    36
       Petrify           |       |       |    10 ||    10
       Passwall          |       |       |     3 ||     3
Invok: Divine Energy     |       |       |     3 ||     3
       Stop Divine Energ |       |       |     2 ||     2
       Channel Magic     |       |       |     1 ||     1
 Abil: Breathe Noxious F |       |       |     4 ||     4
  Use: Potion            |     1 |       |     3 ||     4
       Scroll            |       |     5 |     1 ||     6
 Stab: Sleeping          |     4 |       |     1 ||     5
       Petrified         |       |       |     2 ||     2
  Eat: Chunk             |     2 |    10 |    20 ||    32
       Ration            |       |       |     3 ||     3
Armor: Skin              |    22 |    57 |    95 ||   174
Dodge: Dodged            |    52 |   124 |   191 ||   367
